 Dungeon Crawl Stone Soup version 0.25.1-2-g60ff931df9 (console) character file.

Game seed: 4878955483893572717

207 Colgate the Skirmisher (level 5, -4/33 HPs)
             Began as a Gargoyle Monk on Aug 25, 2020.
             Slain by Grinder (5 damage)
             ... while paralysed by Grinder
             ... on level 3 of the Dungeon.
             The game lasted 00:34:57 (3446 turns).

Colgate the Skirmisher (Gargoyle Monk)              Turns: 3446, Time: 00:34:58

Health: -4/33      AC: 12    Str: 15    XL:     5   Next: 85%
Magic:  5/5        EV:  2    Int: 11    God:
Gold:   207        SH:  0    Dex: 12    Spells: 4/4 levels left

rFire    . . .     SeeInvis .   a - +0 mace
rCold    . . .     Gourm    .   (no shield)
rNeg     + . .     Faith    .   m - +0 ring mail
rPois    ∞         Spirit   .   v - +0 helmet (curse)
rElec    +         Reflect  .   (no cloak)
rCorr    .         Harm     .   (no gloves)
MR       .....                  l - +1 pair of boots
Stlth    +.........             (no amulet)
HPRegen  0.11/turn              (no ring)
MPRegen  0.09/turn              (no ring)

@: paralysed
A: negative energy resistance 1, electricity resistance, unbreathing,
petrification resistance, rot immunity, AC +4
a: no special abilities


You were on level 3 of the Dungeon.
You were very hungry.

You visited 1 branch of the dungeon, and saw 3 of its levels.

You collected 207 gold pieces.

Inventory:

Hand Weapons
 a - a +0 mace (weapon)
 b - a +1 dagger of venom
Missiles
 g - 31 arrows
 o - 126 stones (quivered)
 t - 19 bolts
Armour
 e - a +0 leather armour
 l - a +1 pair of boots (worn)
 m - a +0 ring mail (worn)
 q - a +0 chain mail
 s - a +0 robe
 v - a cursed +0 helmet (worn)
Scrolls
 f - a scroll of enchant armour {unknown}
 h - a scroll of blinking {unknown}
 k - 4 scrolls of identify {unknown}
 p - 2 scrolls of noise {unknown}
 u - a scroll of remove curse {unknown}
Potions
 d - a potion of degeneration {unknown}
 j - a potion of ambrosia {unknown}
 n - 2 potions of haste {unknown}
Comestibles
 c - 5 rations


   Skills:
 - Level 4.0 Fighting
 + Level 3.4 Maces & Flails
 - Level 3.2 Throwing
 - Level 3.0 Armour
 - Level 2.4 Dodging
 - Level 2.1 Stealth


You had 4 spell levels left.
You didn't know any spells.
Your spell library was empty.

Dungeon Overview and Level Annotations

Branches:
Dungeon (3/15)

Altars:

Annotations:
D:3 Grinder


Innate Abilities, Weirdness & Mutations

You are resistant to torment.
Your stone body is resilient. (AC +4)
You are immune to poison.
You resist negative energy. (rN+)
You are resistant to electric shocks. (rElec)
You can survive without breathing.
You are immune to petrification.
You are immune to rotting.


Message History

Grinder hits you!
* * * LOW HITPOINT WARNING * * *
You writhe in agony.
* * * LOW HITPOINT WARNING * * *
You barely miss Grinder.
Grinder is heavily wounded.
Grinder hits you but does no damage.
You hit Grinder.
Grinder is severely wounded.
Grinder gestures at you. You resist with significant effort.
You closely miss Grinder.
Grinder is severely wounded.
Grinder gestures at you.
You barely resist. Grinder gestures at you.
You suddenly lose the ability to move!
Grinder hits you but does no damage. Grinder hits you.
You die...

.##.#..##########.#.#######.....#
.##.#..# #.....#.#.....)......
..#.#..# #.....#.#.#####....##
..#.#..######>....#.#.#....#+###
..#.#..#....(>....#.#.#.##.#.####
#.#.#..##.###((...#.#.#......#...
..#.#.......#.......(............
..#.#.#...........#.#...........#
.##.#.#.#######.###.######...#..#
......#.#.....(...(..........#...
....#...#.#####5@#.#######.####.#
#####.#.#.........<..............
####.##########..########.####.#
#.......................#.##...)
##.##.###########..#####.#.......
.............# ##.# #.#.##.#..
.#.#.#######.# #.## #.#.##....
.#.#.# #.# #..# #.#.#####. .#.#.#
#.######.## #.#.# #. .#.#.#
#......#..# #.#.# #÷ .#.#.#
#......##.###.#.# #.


You could see Grinder.

Vanquished Creatures
  An orc priest (D:3)
  2 orc wizards (D:3)
  Robin (D:3)
  3 adders (D:3)
  2 worms
  A dart slug (D:1)
  2 leopard geckos
  2 orcs (D:3)
  10 bats
  3 giant cockroaches
  14 goblins
  5 hobgoblins
  3 jackals (D:3)
  5 kobolds
  3 quokkas
  4 frilled lizards
  7 rats
68 creatures vanquished.

Notes
Turn   | Place    | Note
-------+----------+-------------------------------------------
     0 | D:1      | Colgate the Gargoyle Monk began the quest for the Orb.
     0 | D:1      | Reached XP level 1. HP: 14/14 MP: 1/1
   164 | D:1      | Reached skill level 4 in Fighting
   164 | D:1      | Reached XP level 2. HP: 20/20 MP: 2/2
   456 | D:1      | Reached skill level 1 in Armour
   941 | D:2      | Reached skill level 1 in Throwing
   941 | D:2      | Reached XP level 3. HP: 24/24 MP: 3/3
  1832 | D:3      | Reached XP level 4. HP: 24/29 MP: 4/4
  2260 | D:3      | Noticed Robin
  2307 | D:3      | Killed Robin
  2506 | D:3      | Reached XP level 5. HP: 33/33 MP: 5/5
  3000 | D:3      | Noticed Grinder
  3016 | D:3      | Paralysed by Grinder for 4 turns
  3390 | D:3      | Paralysed by Grinder for 7 turns
  3405 | D:3      | Paralysed by Grinder for 6 turns
  3441 | D:3      | HP: 1/33 [Grinder (1)]
  3444 | D:3      | Paralysed by Grinder for 7 turns
  3446 | D:3      | Slain by Grinder

Illustrated notes

Levels and vault maps discovered:
D:1:      lemuel_arrival_room, layout_basic
D:2:      layout_loops_cross
D:3:      layout_basic, uniq_grinder, uniq_robin

Skill      XL: |  1  2  3  4  5 |
---------------+----------------+-----
Fighting       | 4 |  4.0
Armour         | 1 3 |  3.0
Throwing       | 1 2 3 |  3.2
Maces & Flails | |  3.4
Dodging        | |  2.4
Stealth        | |  2.1

Action                   |  1- 3 |  4- 6 || total
-------------------------+-------+-------++-------
Melee: Mace              |    75 |    97 ||   172
       Dagger            |       |    26 ||    26
Throw: Javelin           |    17 |    19 ||    36
       Stone             |    29 |    37 ||    66
       Dart              |     6 |    18 ||    24
 Stab: Distracted        |     1 |       ||     1
       Sleeping          |     4 |       ||     4
       Invisible         |       |     1 ||     1
  Eat: Chunk             |     3 |     4 ||     7
Armor: Leather armour    |     5 |       ||     5
       Ring mail         |    32 |    66 ||    98
       Skin              |       |     2 ||     2
Dodge: Dodged            |    46 |    45 ||    91
